 Dungeon Crawl Stone Soup version 0.31-a0-108-gdf935468f2 (webtiles) character file.

Game seed: 1325424362810992581

198 loir the Poker (level 5, 0/43 HPs)
             Began as a Merfolk Gladiator on May 27, 2023.
             Slain by an orc
             ... wielding a +0 club
              (1 damage)
             ... on level 5 of the Dungeon.
             The game lasted 00:13:23 (2870 turns).

loir the Poker (Merfolk Gladiator)                  Turns: 2870, Time: 00:13:23

Health: 0/43       AC:  6    Str: 17    XL:     5   Next: 77%
Magic:  5/5        EV: 14    Int:  7    God:
Gold:   148        SH:  0    Dex: 15    Spells: 4/4 levels left

rFire   . . .        a - +0 trident
rCold   . . .        (no shield)
rNeg    . . .        b - +0 leather armour
rPois   .            c - +0 helmet
rElec   .            f - +0 cloak
rCorr   .            (no gloves)
SInv    .            i - +0 pair of boots
Will    +....        (no amulet)
Stlth   +            g - ring of willpower
HPRegen 0.27/turn    (no ring)
MPRegen 0.09/turn

%: no passive effects
@: lethally poisoned (0 -> -4), marked
A: (nimble swimmer 2), mertail
a: no special abilities


You were on level 5 of the Dungeon.
You visited 1 branch of the dungeon, and saw 5 of its levels.

You collected 192 gold pieces.
You spent 44 gold pieces at shops.

Inventory:

Hand Weapons
 a - a +0 trident (weapon)
Missiles
 d - 3 throwing nets (quivered)
 j - 15 poisoned darts
Armour
 b - a +0 leather armour (worn)
 c - a +0 helmet (worn)
 f - a +0 cloak (worn)
 i - a +0 pair of boots (worn)
Jewellery
 g - a ring of willpower (left hand)
 l - a ring of ice
 p - a ring of magical power
Wands
 m - a wand of charming (10)
Potions
 h - a potion of resistance {unknown}
 k - 2 potions of curing
 n - 2 potions of heal wounds {unknown}
 o - a potion of invisibility
 q - 2 potions of enlightenment
 r - a potion of haste {unknown}
 t - a potion of brilliance {unknown}


   Skills:
 * Level 4.3 Fighting
 + Level 5.1 Polearms
 + Level 3.0 Throwing
 + Level 5.1 Dodging


You had 4 spell levels left.
You didn't know any spells.
Your spell library contained the following spells:

 Spells                   Type           Power      Damage    Failure   Level
 Ensorcelled Hibernation  Hex/Ice        0%         N/A       65%         2
 Passwall                 Tmut/Erth      0%         N/A       65%         2
 Call Canine Familiar     Summ           0%         N/A       86%         3
 Portal Projectile        Hex/Tloc       0%         N/A       86%         3
 Spider Form              Tmut/Pois      0%         N/A       86%         3
 Swiftness                Air            0%         N/A       86%         3
 Anguish                  Hex/Necr       0%         N/A       99%         4
 Leda's Liquefaction      Hex/Erth       0%         N/A       99%         4


Dungeon Overview and Level Annotations

Branches:
Dungeon (5/15)
 Temple: D:4-7

Altars:
Wu Jian

Shops:
D:2 !   D:3 ?[:   D:4 [


Innate Abilities, Weirdness & Mutations

((You are very nimble when in or above water. (Stealth+, EV+, Speed+++)))
Your lower body shifts to a powerful aquatic tail in water.


Message History

You feel sick. The adder closely misses you.
The orc hits you but does no damage.
You miss the adder.
The adder is severely wounded.
You feel sick. The adder barely misses you.
A steam dragon comes into view.
The orc closely misses you.
You hit the adder.
You kill the adder!
You feel sick.
You are no longer poisoned.
The orc priest begins to cast a cantrip, but forgets the words!
The orc hits you but does no damage.
You hit the scorpion but do no damage. The scorpion stings you.
* * * LOW HITPOINT WARNING * * *
The orc completely misses you.
You completely miss the scorpion. The scorpion barely misses you.
The orc misses you. The scorpion stings you.
* * * LOW HITPOINT WARNING * * *
You hit the scorpion but do no damage. The scorpion completely misses you.
An orc wizard comes into view. It is wielding a +0 dagger.
The orc hits you but does no damage.
You barely miss the scorpion. The scorpion completely misses you.
The orc hits you but does no damage.
You hit the scorpion.
The scorpion is lightly wounded.
The scorpion stings you.
* * * LOW HITPOINT WARNING * * *
You are lethally poisoned!
The scorpion poisons you! The orc barely misses you.
The scorpion stings you but does no damage.
You hit the scorpion but do no damage.
The scorpion is lightly wounded.
* * * LOW HITPOINT WARNING * * *
You feel sick. The orc closely misses you. The scorpion closely misses you.
You hit the scorpion.
The scorpion is heavily wounded.
* * * LOW HITPOINT WARNING * * *
You feel sick. The orc hits you with a +0 club.
You die... ## .. o# ##o# #oh

###### #o#
##.>(..###@#
#.......##s#
.......g.gl#
....>.†.gS##
........oD#
.........##
.........#
#........?
.........##


You could see a steam dragon, a scorpion, an iguana, a hound, an orc priest, an
orc wizard, 2 gnolls, an adder and 3 orcs.

Vanquished Creatures
  A hound (D:5)
  A jelly (D:4)
  A sleepcap (D:4)
  4 adders
  A worm (D:4)
  9 orcs
  6 bats
  4 endoplasms
  5 giant cockroaches
  7 hobgoblins
  3 jackals (D:2)
  7 kobolds
  2 quokkas
  8 ball pythons
  4 frilled lizards
  3 rats
66 creatures vanquished.

Notes
Turn   | Place    | Note
-------+----------+-------------------------------------------
     0 | D:1      | loir the Merfolk Gladiator began the quest for the Orb.
     0 | D:1      | Reached XP level 1. HP: 16/16 MP: 1/1
    56 | D:1      | Reached XP level 2. HP: 16/23 MP: 2/2
   356 | D:1      | Reached XP level 3. HP: 28/28 MP: 3/3
   771 | D:2      | Found an ornate altar of the Wu Jian Council.
   799 | D:2      | You fall into a shaft and drop 2 floors!
   801 | D:4      | Found Goteu's Antique Armour Shop.
   899 | D:3      | Found a faded altar of an unknown god.
  1166 | D:2      | Reached XP level 4. HP: 35/35 MP: 4/4
  1252 | D:2      | Found Uwocheen's Distillery.
  1504 | D:3      | Found Ulleemew's Magic Scroll Shoppe.
  1514 | D:3      | Bought a scroll of identify for 22 gold pieces
  1514 | D:3      | Bought a scroll of identify for 22 gold pieces
  1628 | D:3      | Found Baevvuol's Book Emporium.
  1629 | D:3      | Found Guiquf's Armour Boutique.
  2159 | D:4      | Reached XP level 5. HP: 42/42 MP: 5/5
  2837 | D:5      | Entered Level 5 of the Dungeon
  2847 | D:5      | Reached skill level 5 in Polearms
  2847 | D:5      | Reached skill level 5 in Dodging
  2860 | D:5      | Noticed a steam dragon
  2862 | D:5      | Noticed a steam dragon
  2870 | D:5      | HP: 1/43 [poisoned by a scorpion]
  2870 | D:5      | Slain by an orc

Illustrated notes

Levels and vault maps discovered:
D:1:      dpeg_arrival_short_road, layout_loops_ring, serial_glass,
          glass_columns_a, glass_columns_b, glass_columns_a, glass_columns_a,
          chequers_decorated_corner, st_stairs_2
D:2:      layout_rooms, basic_altar, serial_shops, nicolae_shop_real_fake_doors
D:3:      layout_basic, serial_shops, nicolae_lakefront_shop, shop,
          nicolae_book_shop_shelving, hellmonk_ecumenical_altar_blasted,
          amcnicky_mini_corridor_feature
D:4:      layout_loops_ring, serial_shops, shop
D:5:      kennysheep_steamy, layout_rooms

Skill      XL: |  1  2  3  4  5 |
---------------+----------------+-----
Fighting       | 3 4 |  4.3
Polearms       | 5 |  5.1
Throwing       | 3 |  3.0
Dodging        | 5 |  5.1

Action                     |  1- 3 |  4- 6 || total
---------------------------+-------+-------++-------
  Melee: Trident           |   111 |   124 ||   235
         Punch             |     1 |     2 ||     3
  Throw: Javelin           |       |     1 ||     1
    Use: Scroll            |       |     8 ||     8
   Stab: Sleeping          |     1 |     1 ||     2
 Armour: Leather armour    |    29 |    38 ||    67
  Dodge: Dodged            |    69 |    96 ||   165

Table legend: (Time is in decaauts)
 A = Elapsed time spent in this place.
 B = Non-inter-level travel time spent in this place.
 C = Inter-level travel time spent in this place.
 D = Time resting spent in this place.
 E = Time spent auto-exploring this place.
 F = Levels seen in this place.
 G = Mean time per level.
                   A        B        C        D        E       F      G
               +--------+--------+--------+--------+--------+-----+--------+
         Total |   2885 |   2606 |    279 |      0 |   2121 |   5 |  577.0 |
       Dungeon |   2885 |   2606 |    279 |      0 |   2121 |   5 |  577.0 |
               +--------+--------+--------+--------+--------+-----+--------+

Top non-repeatable levels by time:
     D:4: 870 daAuts
     D:1: 769 daAuts
     D:3: 756 daAuts
     D:2: 454 daAuts
     D:5: 34 daAuts
